 Dungeon Crawl Stone Soup version 0.28-a0-863-g8cecda6153 (webtiles) character file.

Game seed: 11284826475340615768

3741 TheGamechu the Fighter (level 9, -5/85 HPs)
             Began as a Minotaur Fighter on Nov 16, 2021.
             Was a Believer of Okawaru.
             Succumbed to a hornet's poison
             ... on level 8 of the Dungeon.
             The game lasted 00:22:07 (8533 turns).

TheGamechu the Fighter (Minotaur Fighter)           Turns: 8533, Time: 00:22:07

Health: -5/85      AC: 15    Str: 22    XL:     9   Next: 93%
Magic:  10/10      EV:  6    Int:  5    God:    Okawaru [**....]
Gold:   253        SH:  5    Dex: 14    Spells: 8/8 levels left

rFire   + . .      SeeInvis .   a - +0 war axe
rCold   . . .      Faith    .   c - +0 buckler
rNeg    . . .      Spirit   .   m - +1 plate armour
rPois   .          Reflect  .   (helmet restricted)
rElec   .          Harm     .   f - +0 cloak
rCorr   .          Rampage  .   (no gloves)
Will    .....      Rage     1%  (no boots)
Stlth   ..........              (no amulet)
HPRegen 0.24/turn               o - ring of protection from fire
MPRegen 0.12/turn               (no ring)

@: lethally poisoned (-5 -> -28), slowed, very slow
A: horns 2, retaliatory headbutt, agile 1, berserk 1
a: Renounce Religion, Heroism


You were on level 8 of the Dungeon.
You worshipped Okawaru.
Okawaru was pleased with you.
You visited 2 branches of the dungeon, and saw 9 of its levels.
You also visited: Ossuary.

You collected 460 gold pieces.
You spent 207 gold pieces at shops.

Inventory:

Hand Weapons
 a - a +0 war axe (weapon)
 k - a +4 flail
Missiles
 b - 3 throwing nets
 e - 195 stones
 g - 3 boomerangs (quivered)
 h - 19 poisoned darts
Armour
 c - a +0 buckler (worn)
 f - a +0 cloak (worn)
 m - a +1 plate armour (worn)
Jewellery
 o - a ring of protection from fire (left hand)
Wands
 l - a wand of iceblast (16)
 p - a wand of flame (44)
Scrolls
 d - 2 scrolls of teleportation
 r - a scroll of fear
 v - a scroll of fog
Potions
 i - 2 potions of heal wounds
 j - 2 potions of magic {unknown}
 n - a potion of berserk rage
 q - 3 potions of flight
 s - 2 potions of curing
 t - a potion of attraction {unknown}
 u - a potion of haste {unknown}


   Skills:
 + Level 9.8 Fighting
 + Level 9.3 Axes
 + Level 7.0 Throwing
 - Level 6.5 Armour
 - Level 4.0 Shields
 + Level 3.9 Invocations


You had 8 spell levels left.
You didn't know any spells.
Your spell library contained the following spells:

 Spells                   Type           Power      Damage    Failure   Level
 Apportation              Tloc           0%         N/A       100%        1
 Corpse Rot               Necr/Air       0%         N/A       100%        2
 Poisonous Vapours        Pois/Air       0%         N/A       100%        2
 Gell's Gravitas          Tloc           0%         N/A       100%        3
 Inner Flame              Hex/Fire       0%         N/A       100%        3
 Teleport Other           Tloc           0%         N/A       100%        3
 Cause Fear               Hex            0%         N/A       100%        4
 Alistair's Intoxication  Tmut/Pois      0%         N/A       100%        5
 Dispersal                Tloc           0%         N/A       100%        6
 Discord                  Hex            0%         N/A       100%        8


Dungeon Overview and Level Annotations

Branches:
Dungeon (8/15)             Temple (1/1) D:6         Ossuary (visited)
   Lair: D:8-11

Altars:
Ashenzari
Cheibriados
Dithmenos
Elyvilon
Fedhas
Gozag
Hepliaklqana
Kikubaaqudgha
Makhleb
Nemelex Xobeh
Okawaru
Qazlal
Ru
Sif Muna
Trog
Uskayaw
Vehumet
Wu Jian
Yredelemnul
Zin
The Shining One

Shops:
D:3 *!   D:6 !

Annotations:
D:6 Menkaure


Innate Abilities, Weirdness & Mutations

You have a pair of horns on your head.
You reflexively headbutt those who attack you in melee.
You are agile. (Dex +2)
You tend to lose your temper in combat.


Message History

The hornet is heavily wounded.
The hornet barely misses you. The hornet stings you.
You feel yourself slow down.
You closely miss the hornet. Your headbutt misses the hornet.
The hornet is heavily wounded.
The hornet stings you but does no damage.
The hornet barely misses you.
You miss the hornet. You headbutt the hornet!
The hornet is severely wounded.
You feel yourself speed up.
The hornet stings you but does no damage. x2
The hornet stings you!
You are poisoned.
You feel yourself slow down.
A shadow imp comes into view.
You barely miss the hornet.
The hornet is severely wounded.
You feel very sick. The hornet stings you.
* * * LOW HITPOINT WARNING * * *
You feel as though you will be slow longer.
The hornet stings you.
* * * LOW HITPOINT WARNING * * *
You are lethally poisoned!
You suddenly lose the ability to move!
The shadow imp lashes its tail.
* * * LOW HITPOINT WARNING * * *
You feel very sick. The hornet stings you!
* * * LOW HITPOINT WARNING * * *
You are more poisoned.
You feel as though you will be slow longer.
The hornet stings you but does no damage.
* * * LOW HITPOINT WARNING * * *
You feel extremely sick.
The hornet stings you but does no damage.
You can move again.
Your plate armour prevents you from hitting the hornet.
The hornet is severely wounded.
You die...

#.# #.# #[# #.# .#
#..#.#...
..###..#.#..#
..c.#..#.#..#
....h#†#..######.
....#@#......... .
#.(#y#.........
(...##'#5#.........
.......)...........
#########...#.......
....................
######.#...#.......
#.........#.......
#.........#.......


You could see a hornet and a shadow imp.

Vanquished Creatures
  A komodo dragon (D:6)
  Grinder (D:6)
  3 yaks (D:5)
  Duvessa (D:4)
  2 water moccasins (D:8)
  A black bear (D:4)
  An orc warrior (D:6)
  3 ice beasts
  2 sky beasts
  An ogre (D:6)
  2 centaurs
  A phantom (D:5)
  2 scorpions
  2 water moccasin zombies (Ossuary)
  Dowan (D:4)
  6 wights
  A howler monkey (D:8)
  4 bullfrog zombies
  A gnoll shaman (D:6)
  2 hounds
  A jelly (D:7)
  4 orc priests
  2 bullfrog skeletons
  4 iguanas
  5 orc wizards
  2 mummies (Ossuary)
  8 adders
  17 gnolls
  A shadow imp (D:5)
  A white imp (D:6)
  An ufetubus (D:5)
  5 adder zombies (Ossuary)
  2 worms
  14 orcs
  9 endoplasms
  4 giant cockroaches
  2 gnoll zombies (Ossuary)
  7 goblins
  13 hobgoblins
  2 jackals (D:2)
  11 kobolds
  6 quokkas
  4 ball pythons
  10 bats
  2 frilled lizards
  4 hobgoblin zombies (Ossuary)
  5 kobold zombies (Ossuary)
  4 orc zombies (Ossuary)
  7 rats
195 creatures vanquished.

Vanquished Creatures (others)
  2 fungi (D:1)
  A plant (D:1)
3 creatures vanquished.

Grand Total: 198 creatures vanquished

Notes
Turn   | Place    | Note
-------+----------+-------------------------------------------
     0 | D:1      | TheGamechu the Minotaur Fighter began the quest for the
                  | Orb.
     0 | D:1      | Reached XP level 1. HP: 19/19 MP: 0/0
    54 | D:1      | Reached XP level 2. HP: 26/27 MP: 1/1
   272 | D:1      | Found a faded altar of an unknown god.
   327 | D:1      | Reached XP level 3. HP: 33/33 MP: 2/2
  1082 | D:2      | Reached XP level 4. HP: 39/41 MP: 3/3
  1638 | D:3      | Found Viup's General Store.
  1648 | D:3      | Bought a potion of curing for 42 gold pieces
  1652 | D:3      | Found Karuliky's Distillery.
  2070 | D:3      | Reached XP level 5. HP: 35/47 MP: 4/4
  2248 | D:3      | Reached skill level 1 in Throwing
  2543 | D:3      | Reached skill level 5 in Fighting
  2825 | D:3      | Reached skill level 5 in Armour
  3327 | D:4      | Reached XP level 6. HP: 53/56 MP: 5/5
  3503 | D:4      | Noticed Duvessa
  3503 | D:4      | Noticed Dowan
  3511 | D:4      | Killed Duvessa
  3512 | D:4      | Reached skill level 5 in Axes
  3520 | D:4      | Killed Dowan
  3521 | D:4      | Reached XP level 7. HP: 31/62 MP: 6/6
  4315 | D:5      | Entered Level 5 of the Dungeon
  4353 | D:5      | Noticed a yak
  4372 | D:5      | Killed a yak
  4390 | D:5      | Noticed a yak
  4412 | D:5      | Killed a yak
  4417 | D:5      | Noticed a yak
  4435 | D:5      | Killed a yak
  4436 | D:5      | Reached XP level 8. HP: 54/73 MP: 7/7
  5555 | D:5      | Reached skill level 5 in Throwing
  5672 | D:6      | Noticed a komodo dragon
  5685 | D:6      | Killed a komodo dragon
  5998 | D:6      | Found a staircase to the Ecumenical Temple.
  6011 | Temple   | Entered the Ecumenical Temple
  6386 | Temple   | Became a worshipper of Warmaster Okawaru
  6442 | D:6      | Reached XP level 9. HP: 82/82 MP: 8/8
  6504 | D:6      | Reached skill level 1 in Invocations
  6513 | D:6      | Identified the +1 robe of Quireuvuzu {Int+4 Stlth+}
  6550 | D:6      | Noticed Grinder
  6563 | D:6      | Noticed Menkaure
  6595 | D:6      | HP: 4/82 [gnoll (6)]
  6600 | D:6      | HP: 4/123 [white imp (3)]
  6621 | D:6      | Gained mutation: You tend to lose your temper in combat.
                  | [potion of mutation]
  6621 | D:6      | Gained mutation: You are agile. (Dex +2) [potion of
                  | mutation]
  6625 | D:6      | Killed Grinder
  6625 | D:6      | Reached * piety under Okawaru
  7149 | D:6      | Found Nazido's Distillery.
  7152 | D:6      | Bought a potion of heal wounds for 55 gold pieces
  7152 | D:6      | Bought a potion of heal wounds for 55 gold pieces
  7152 | D:6      | Bought a potion of heal wounds for 55 gold pieces
  7879 | D:7      | Found a sand-covered staircase.
  7884 | Ossuary  | Entered an ossuary
  8448 | D:8      | Reached ** piety under Okawaru
  8530 | D:8      | Paralysed by a hornet for 3 turns
  8532 | D:8      | HP: 2/85 [poisoned by a hornet]
  8533 | D:8      | Succumbed to a hornet's poison

Illustrated notes

Levels and vault maps discovered:
D:1:      dpeg_chamrin_arrival_tetris, layout_loops_ring,
          shapermc_ecumenical_altar_mp_ritualfount, minivault_23,
          minmay_misc_feat_columns, minmay_close_crescents
D:2:      layout_basic
D:3:      layout_basic, serial_shops, nicolae_shop_crystal, nicolae_shop_trees
D:4:      layout_loops_cross, due_unseen_surprise, uniq_duvessa
D:5:      layout_basic, minivault_26
D:6:      layout_basic, temple_green, serial_shops, nicolae_shop_behind_doors,
          uniq_grinder, uniq_menkaure
D:7:      layout_basic, enter_ossuary_2
D:8:      minmay_quarter_circles, layout_basic, xom_shifter_show
Temple:   mainiacjoe_temple_circle_huts

Skill      XL: |  1  2  3  4  5  6  7  8  9 |
---------------+----------------------------+-----
Shields        | 4 |  4.0
Fighting       | 4 5 7 8 9 |  9.8
Armour         | 4 5 6 |  6.5
Axes           | 3 4 5 6 7 9 |  9.3
Throwing       | 1 2 4 5 7 |  7.0
Invocations    | 3 |  3.9

Action                   |  1- 3 |  4- 6 |  7- 9 || total
-------------------------+-------+-------+-------++-------
Melee: War axe           |    77 |   119 |   323 ||   519
       Headbutt          |     8 |    20 |    69 ||    97
Throw: Stone             |       |     8 |       ||     8
       Dart              |       |     6 |    50 ||    56
       Boomerang         |       |       |     5 ||     5
       Throwing net      |       |       |     2 ||     2
  Use: Scroll            |     1 |     5 |     6 ||    12
       Potion            |       |       |     9 ||     9
Armor: Scale mail        |    45 |    38 |       ||    83
       Plate armour      |       |    12 |   202 ||   214
Dodge: Dodged            |    28 |    58 |    73 ||   159
Block: Buckler           |    18 |    21 |    63 ||   102

Table legend: (Time is in decaauts)
 A = Elapsed time spent in this place.
 B = Non-inter-level travel time spent in this place.
 C = Inter-level travel time spent in this place.
 D = Time resting spent in this place.
 E = Time spent auto-exploring this place.
 F = Levels seen in this place.
 G = Mean time per level.
                   A        B        C        D        E       F      G
               +--------+--------+--------+--------+--------+-----+--------+
         Total |   8639 |   8349 |    290 |    690 |   6103 |  10 |  863.9 |
       Dungeon |   7995 |   7748 |    247 |    623 |   5683 |   8 |  999.4 |
        Temple |    394 |    351 |     43 |      0 |    329 |   1 |  394.0 |
       Ossuary |    249 |    249 |      0 |     67 |     91 |   1 |  249.0 |
               +--------+--------+--------+--------+--------+-----+--------+

Top non-repeatable levels by time:
     D:6: 1588 daAuts
     D:3: 1435 daAuts
     D:4: 1316 daAuts
     D:5: 1302 daAuts
     D:2: 833 daAuts
     D:1: 795 daAuts
     D:7: 520 daAuts
  Temple: 394 daAuts
 Ossuary: 249 daAuts
     D:8: 203 daAuts
